 Dungeon Crawl Stone Soup version 0.31-a0-232-gb1c03b2570 (webtiles) character file.

Game seed: 1529286568959556431

76 qw the Shooter (level 4, -3/36 HPs)
             Began as a Minotaur Hexslinger on July 7, 2023.
             Slain by Natasha (9 damage)
             ... on level 2 of the Dungeon.
             The game lasted 00:00:28 (869 turns).

qw the Shooter (Minotaur Hexslinger)                 Turns: 869, Time: 00:00:29

Health: -3/36      AC:  3    Str: 13    XL:     4   Next: 12%
Magic:  4/4        EV: 12    Int: 10    God:
Gold:   65         SH:  0    Dex: 14    Spells: 4/5 levels left

rFire   . . .        Y - +1 sling
rCold   . . .        (no shield)
rNeg    . . .        c - +0 robe
rPois   .            (helmet restricted)
rElec   .            (no cloak)
rCorr   .            (no gloves)
SInv    .            d - +0 pair of boots
Will    .....        (no amulet)
Stlth   +            (no ring)
HPRegen 0.26/turn    (no ring)
MPRegen 0.09/turn

%: no passive effects
@: no status effects
A: horns 2, retaliatory headbutt
a: no special abilities


You were on level 2 of the Dungeon.
You visited 1 branch of the dungeon, and saw 2 of its levels.

You collected 65 gold pieces.


Innate Abilities, Weirdness & Mutations

You have a pair of horns on your head.
You reflexively headbutt those who attack you in melee.


   Skills:
 - Level 2.0 Fighting
 + Level 4.6 Ranged Weapons
 - Level 2.1 Dodging
 - Level 1.0 Spellcasting
 - Level 2.0 Hexes


You had 4 spell levels left.
You knew the following spells:

 Your Spells              Type           Power      Damage    Failure   Level
a - Slow                  Hex            16%        N/A       16%         1

Your spell library contained the following spells:

 Spells                   Type           Power      Damage    Failure   Level
 Inner Flame              Hex/Fire       2%         N/A       56%         3
 Portal Projectile        Hex/Tloc       4%         N/A       56%         3
 Cause Fear               Hex            2%         N/A       83%         4

Inventory:

Hand Weapons
 Y - a +1 sling (weapon)
Armour
 a - a +0 leather armour
 c - a +0 robe (worn)
 d - a +0 pair of boots (worn)
Scrolls
 b - a scroll of identify
Potions
 e - a potion of berserk rage {unknown}
 f - a potion of brilliance {unknown}

Dungeon Overview and Level Annotations

Branches:
Dungeon (2/15)

Altars:

Shops:
D:2 :

Annotations:
D:2 Natasha


Message History

859 ||| Stepping ~*~*~tactically~*~*~ (outnumbered).
Enter note:
Enter note: You shoot a sling bullet.
The sling bullet barely misses the cerulean imp.
You shoot a sling bullet.
The sling bullet barely misses the cerulean imp.
The cerulean imp hits you from afar with a +0 spear.
You shoot a sling bullet.
The sling bullet misses the cerulean imp.
The cerulean imp completely misses you.
The cerulean imp hits you but does no damage.
863 ||| Stepping ~*~*~tactically~*~*~ (outnumbered).
You shoot a sling bullet.
The sling bullet barely misses the cerulean imp.
You shoot a sling bullet. The sling bullet hits Natasha.
Natasha is moderately wounded.
The cerulean imp hits you from afar with a +0 spear.
The cerulean imp closely misses you.
You shoot a sling bullet.
The sling bullet closely misses Natasha.
The sling bullet closely misses the cerulean imp.
Natasha stares at you and mumbles some strange words.
The magic dart hits you.
The cerulean imp hits you from afar with a +0 spear.
Natasha claws you but does no damage.
You shoot a sling bullet. The sling bullet barely misses Natasha.
The sling bullet hits the cerulean imp.
The cerulean imp is lightly wounded.
The cerulean imp misses you. Natasha closely misses you.
You shoot a sling bullet. The sling bullet barely misses Natasha.
The sling bullet closely misses the cerulean imp.
The cerulean imp hits you but does no damage.
Natasha claws you.
You shoot a sling bullet.
The sling bullet closely misses Natasha.
The sling bullet misses the cerulean imp.
The cerulean imp hits you from afar with a +0 spear.
Natasha claws you!
You die...

#...... #..##.# #......
#:.#### #..#### #......
#......
######################.###
>......5h@............\...
#####[.##############.###
##.### #.# #
#####h..############.# #
#)....................# #
#.#######h############# #
#...# # ###...# # ##.# #


You could see Natasha and a cerulean imp (summoned).

Vanquished Creatures
  Natasha (D:2)
  An adder (D:2)
  A worm (D:2)
  A dart slug (D:2)
  5 ball pythons
  2 endoplasms (D:1)
  3 giant cockroaches (D:1)
  7 goblins
  3 hobgoblins
  A quokka (D:1)
  3 bats
  4 frilled lizards
  4 kobolds
  A rat (D:1)
37 creatures vanquished.

Notes
Turn   | Place    | Note
-------+----------+-------------------------------------------
     0 | D:1      | qw the Minotaur Hexslinger began the quest for the Orb.
     0 | D:1      | Reached XP level 1. HP: 16/16 MP: 1/1
     0 | D:1      | 0 ||| qw: Version: 0.3-a-46-gb1f654a
     0 | D:1      | 0 ||| qw: Game counter: 2649
     0 | D:1      | 0 ||| qw: Melee chars always use a shield: true
     0 | D:1      | 0 ||| qw: God list: Okawaru
     0 | D:1      | 0 ||| qw: Allow faded altars: false
     0 | D:1      | 0 ||| qw: Do Orc after clearing Dungeon:15 true
     0 | D:1      | 0 ||| qw: Do second Lair branch before Depths: true
     0 | D:1      | 0 ||| qw: Lair rune preference: random
     0 | D:1      | 0 ||| qw: Goals: Normal
     0 | D:1      | 0 ||| PLANNING D:1-11
    89 | D:1      | Reached skill level 3 in Ranged Weapons
    89 | D:1      | Reached XP level 2. HP: 14/23 MP: 2/2
   308 | D:1      | Found a faded altar of an unknown god.
   531 | D:1      | 531 ||| UPGRADING to +0 pair of boots.
   536 | D:1      | 536 ||| READING scroll labelled DUMNI TIDU.
   537 | D:1      | 537 ||| READING scroll labelled NEMAPL FAFINOS.
   541 | D:1      | 541 ||| READING scroll labelled CIGOCAS SUERIO.
   542 | D:1      | 542 ||| READING scroll labelled WIKENY UNKI.
   543 | D:1      | 543 ||| READING scroll labelled HYTHRE QI NAF.
   544 | D:1      | 544 ||| DRINKING 2 fuming cyan potions.
   545 | D:1      | 545 ||| DROPPING scroll of poison.
   629 | D:2      | 629 ||| Stepping ~*~*~tactically~*~*~ (outnumbered).
   636 | D:2      | HP: 6/24 [adder (1)]
   637 | D:2      | 637 ||| DRINKING potion of heal wounds.
   639 | D:2      | Reached XP level 3. HP: 25/29 MP: 3/3
   703 | D:2      | Reached skill level 4 in Ranged Weapons
   793 | D:2      | Found Xuiwnuc's Book Emporium.
   842 | D:2      | Noticed Natasha
   847 | D:2      | Killed Natasha
   848 | D:2      | Reached XP level 4. HP: 23/36 MP: 4/4
   855 | D:2      | Noticed Natasha
   859 | D:2      | 859 ||| Stepping ~*~*~tactically~*~*~ (outnumbered).
   863 | D:2      | 863 ||| Stepping ~*~*~tactically~*~*~ (outnumbered).
   866 | D:2      | HP: 9/36 [cerulean imp/+0 spear[Natasha] (2)]
   869 | D:2      | Slain by Natasha

Levels and vault maps discovered:
D:1:      dpeg_arrival_erosion, layout_rooms,
          shapermc_ecumenical_altar_totnotflames
D:2:      layout_basic, serial_shops, nicolae_shop_gibbet_a_chance, shop, shop,
          nicolae_shop_tiny_glass, shop_statue, minmay_diced_spiral,
          uniq_natasha

Skill      XL: |  1  2  3 |
---------------+----------+-----
Ranged Weapons | 3 4 |  4.6
Fighting       | 2 |  2.0
Dodging        | |  2.1
Spellcasting   | |  1.0
Hexes          | |  2.0

Action                     |  1- 3 |  4- 6 || total
---------------------------+-------+-------++-------
   Fire: Sling             |   106 |    12 ||   118
    Use: Scroll            |     5 |       ||     5
         Potion            |     2 |       ||     2
 Armour: Robe              |    10 |     3 ||    13
  Dodge: Dodged            |    42 |     4 ||    46

Table legend:
 A = Non-vault XP
 B = Vault XP
 C = Vault XP percentage of total XP
 D = Non-vault monster count
 E = Vault monster count
 F = Vault count percentage of total count
                 A         B        C        D         E       F
            +---------+---------+-------+---------+---------+-------
      Total |      61 |      48 |  44.0 |      32 |       5 |  13.5
            +---------+---------+-------+---------+---------+-------
        D:1 |      36 |       0 |   0.0 |      23 |       0 |   0.0
        D:2 |      25 |      48 |  65.8 |       9 |       5 |  35.7
            +---------+---------+-------+---------+---------+-------
